Workbook
Name CKIY1999: '[1]EMF reference'!#REF!
Name CKIY2000: '[1]EMF reference'!#REF!
Name CKIY2001: '[1]EMF reference'!#REF!
Name CKIY2002: '[1]EMF reference'!#REF!
Name CKIY2003: '[1]EMF reference'!#REF!
Name CKIY2004: '[1]EMF reference'!#REF!
Name CKIY2005: '[1]EMF reference'!#REF!
Name CKIY2006: '[1]EMF reference'!#REF!
Name CKIY2007: '[1]EMF reference'!#REF!
Name CKIY2008: '[1]EMF reference'!#REF!
Name CKIY2009: '[1]EMF reference'!#REF!
Name CKIY2010: '[1]EMF reference'!#REF!
Name CKIY2011: '[1]EMF reference'!#REF!
Name CKIY2012: '[1]EMF reference'!#REF!
Name CKIY2013: '[1]EMF reference'!#REF!
Name CKIY2014: '[1]EMF reference'!#REF!
Name CKIY2015: '[1]EMF reference'!#REF!
Name CKIY2016: '[1]EMF reference'!#REF!
Name CKIY2017: '[1]EMF reference'!#REF!
Name CKIY2018: '[1]EMF reference'!#REF!
Name CKIY2019: '[1]EMF reference'!#REF!
Name CKIY2020: '[1]EMF reference'!#REF!
Name CKIY2020G: '[1]EMF reference'!#REF!
Name CSDY1999: '[1]EMF reference'!#REF!
Name CSDY2000: '[1]EMF reference'!#REF!
Name CSDY2001: '[1]EMF reference'!#REF!
Name CSDY2002: '[1]EMF reference'!#REF!
Name CSDY2003: '[1]EMF reference'!#REF!
Name CSDY2004: '[1]EMF reference'!#REF!
Name CSDY2005: '[1]EMF reference'!#REF!
Name CSDY2006: '[1]EMF reference'!#REF!
Name CSDY2007: '[1]EMF reference'!#REF!
Name CSDY2008: '[1]EMF reference'!#REF!
Name CSDY2009: '[1]EMF reference'!#REF!
Name CSDY2010: '[1]EMF reference'!#REF!
Name CSDY2011: '[1]EMF reference'!#REF!
Name CSDY2012: '[1]EMF reference'!#REF!
Name CSDY2013: '[1]EMF reference'!#REF!
Name CSDY2014: '[1]EMF reference'!#REF!
Name CSDY2015: '[1]EMF reference'!#REF!
Name CSDY2016: '[1]EMF reference'!#REF!
Name CSDY2017: '[1]EMF reference'!#REF!
Name CSDY2018: '[1]EMF reference'!#REF!
Name CSDY2019: '[1]EMF reference'!#REF!
Name CSDY2020: '[1]EMF reference'!#REF!
Name CSDY2020G: '[1]EMF reference'!#REF!
Name dollars2015: 'EIA-example'!#REF!
Name EGCY1999: '[1]EMF reference'!#REF!
Name EGCY2000: '[1]EMF reference'!#REF!
Name EGCY2001: '[1]EMF reference'!#REF!
Name EGCY2002: '[1]EMF reference'!#REF!
Name EGCY2003: '[1]EMF reference'!#REF!
Name EGCY2004: '[1]EMF reference'!#REF!
Name EGCY2005: '[1]EMF reference'!#REF!
Name EGCY2006: '[1]EMF reference'!#REF!
Name EGCY2007: '[1]EMF reference'!#REF!
Name EGCY2008: '[1]EMF reference'!#REF!
Name EGCY2009: '[1]EMF reference'!#REF!
Name EGCY2010: '[1]EMF reference'!#REF!
Name EGCY2011: '[1]EMF reference'!#REF!

Sheet Notes
A1: Please enter in yellow cell to the right the acronym or short name to denote your model on EMF charts (e.g., NEMS) | B1: model_name
A2: Please indicate "reference" year for your model (i.e., year for last historical data before projections) | B2: ref_year
A3: After inserting model name above, please do not change text in columns A-E in the Variables tab (marked by light red cells).
A4: Otherwise, EMF program will be unable to report your results properly.
A6: Any new variables not requested by the working group should be reported separately either at the end of the Variables tab after an empty row or in a separate tab of this workbook.
A8: Template change from last round -- Renewables disaggregated:
A9: Electric Production by Hydroelectric
A10: Electric Production by Solar
A11: Electric Production by Wind
A12: Electric Production by Other Renewables (excluding Hydroelectric, Solar and Wind)
A14: Sheet "Variables" contains output to be reported to EMF
A15: If you do not report a comparable variable, please leave the row blank or indicate something like "NA"
A16: Report only those years where you have historical data or projections
A18: "EIA-example" sheet provides some definitions and sample data from EIA for United States
... A26: Hill Huntington at hillh@stanford.edu.
A28: # Scenarios | B28: 14
A29: # Variables/scenario | B29: 161
A30: # Data Entries | B30: =B28*B29 -> 2254
A31: All Cells (including header) | B31: =B30+1 -> 2255

Sheet Variables
A1: Model | B1: Scenario | C1: Region | D1: Variable | E1: Units | F1: 2015 | G1: 2016 | H1: 2017 | I1: 2018 | J1: 2019 | K1: 2020 | L1: 2021 | M1: 2022 | N1: 2023 | O1: 2024 | P1: 2025 | Q1: 2026 | R1: 2027 | S1: 2028 | T1: 2029 | U1: 2030 | V1: 2031 | W1: 2032 | X1: 2033 | Y1: 2034 | Z1: 2035 | AA1: 2036 | AB1: 2037 | AC1: 2038 | AD1: 2039 | AE1: 2040 | AF1: 2041 | AG1: 2042 | AH1: 2043 | AI1: 2044 | AJ1: 2045 | AK1: 2046 | AL1: 2047 | AM1: 2048 | AN1: 2049 | AO1: 2050
A2: =Notes!$B$1 -> model_name | B2: Reference | C2: International | D2: Brent Oil Price | E2: Constant 2015 US$/barrel
A3: =Notes!$B$1 -> model_name | B3: Reference | C3: International | D3: Henry Hub Price | E3: Constant 2015 US$/1000cf
A4: =Notes!$B$1 -> model_name | B4: Reference | C4: International | D4: Can-US Exchange Rate | E4: CN$/US$
A5: =Notes!$B$1 -> model_name | B5: Reference | C5: International | D5: Mex-US Exchange Rate | E5: MX pesos/US$
A6: =Notes!$B$1 -> model_name | B6: Reference | C6: Canada | D6: Real GDP | E6: Constant 2015 CN$ (Billions)
A7: =Notes!$B$1 -> model_name | B7: Reference | C7: Canada | D7: Real GDP (PPP) | E7: Constant 2015 $ (Billions)
A8: =Notes!$B$1 -> model_name | B8: Reference | C8: Canada | D8: Oil Product Consumption | E8: Million barrels per day
A9: =Notes!$B$1 -> model_name | B9: Reference | C9: Canada | D9: Natural Gas Consumption | E9: Billion cubic feet per day
A10: =Notes!$B$1 -> model_name | B10: Reference | C10: Canada | D10: Coal Consumption | E10: Million short tons
A11: =Notes!$B$1 -> model_name | B11: Reference | C11: Canada | D11: Electricity Consumption | E11: Terawatt hours
A12: =Notes!$B$1 -> model_name | B12: Reference | C12: Canada | D12: Electricity Production | E12: Terawatt hours
A13: =Notes!$B$1 -> model_name | B13: Reference | C13: Canada | D13: Electric Production by Oil | E13: Terawatt hours
... A61: =Notes!$B$1 -> model_name | B61: Reference | C61: Mexico | D61: Electricity Consumption | E61: Terawatt hours
A62: =Notes!$B$1 -> model_name | B62: Reference | C62: Mexico | D62: Electricity Production | E62: Terawatt hours | I62: 50
A63: =Notes!$B$1 -> model_name | B63: Reference | C63: Mexico | D63: Electric Production by Oil | E63: Terawatt hours
A64: =Notes!$B$1 -> model_name | B64: Reference | C64: Mexico | D64: Electric Production by Natural Gas | E64: Terawatt hours
A65: =Notes!$B$1 -> model_name | B65: Reference | C65: Mexico | D65: Electric Production by Coal | E65: Terawatt hours
A66: =Notes!$B$1 -> model_name | B66: Reference | C66: Mexico | D66: Electric Production by Nuclear | E66: Terawatt hours
A67: =Notes!$B$1 -> model_name | B67: Reference | C67: Mexico | D67: Electric Production by Hydroelectric | E67: Terawatt hours
A68: =Notes!$B$1 -> model_name | B68: Reference | C68: Mexico | D68: Electric Production by Solar | E68: Terawatt hours
A69: =Notes!$B$1 -> model_name | B69: Reference | C69: Mexico | D69: Electric Production by Wind | E69: Terawatt hours
A70: =Notes!$B$1 -> model_name | B70: Reference | C70: Mexico | D70: Electric Production by Other Renewables | E70: Terawatt hours
A71: =Notes!$B$1 -> model_name | B71: Reference | C71: Mexico | D71: Crude Oil Production | E71: Million barrels per day
A72: =Notes!$B$1 -> model_name | B72: Reference | C72: Mexico | D72: Natural Gas Production | E72: Billion cubic feet per day
A73: =Notes!$B$1 -> model_name | B73: Reference | C73: Mexico | D73: Coal Production | E73: Million short tons
A74: =Notes!$B$1 -> model_name | B74: Reference | C74: Mexico | D74: Crude Oil Total Exports | E74: Million barrels per day
... A2255: =Notes!$B$1 -> model_name | B2255: Modeler_Choice | C2255: USA | D2255: Electricity Capacity to Mexico | E2255: Terawatts

Sheet EIA-example
A1: Please see "Notes" sheet for further details
A2: Scenario | B2: Region | C2: Units | D2: Variable | E2: EMF Comments | F2: Extra EIA Comments | G2: 2015 | H2: 2016 | I2: 2017 | J2: 2018 | K2: 2019 | L2: 2020 | M2: 2021 | N2: 2022 | O2: 2023 | P2: 2024 | Q2: 2025 | R2: 2026 | S2: 2027 | T2: 2028 | U2: 2029 | V2: 2030 | W2: 2031 | X2: 2032 | Y2: 2033 | Z2: 2034 | AA2: 2035 | AB2: 2036 | AC2: 2037 | AD2: 2038 | AE2: 2039 | AF2: 2040 | AG2: 2041 | AH2: 2042 | AI2: 2043 | AJ2: 2044 | AK2: 2045 | AL2: 2046 | AM2: 2047 | AN2: 2048 | AO2: 2049 | AP2: 2050
A3: Reference | B3: International | C3: Constant 2015 US$/barrel | D3: Brent Oil Price | E3: Please report if possible | G3: 52.320967 | H3: 42.819961 | I3: 49.217261 | J3: 62.161191 | K3: 69.38892 | L3: 73.770869 | M3: 77.054676 | N3: 79.583742 | O3: 81.129622 | P3: 82.546945 | Q3: 85.026856 | R3: 87.315758 | S3: 88.739092 | T3: 89.409301 | U3: 90.784557 | V3: 93.203203 | W3: 95.461209 | X3: 98.136562 | Y3: 98.256293 | Z3: 100.03656 | AA3: 100.72245 | AB3: 103.52674 | AC3: 104.04278 | AD3: 105.18085 | AE3: 106.87088 | AF3: 107.83644 | AG3: 108.5031 | AH3: 108.69823 | AI3: 109.28809 | AJ3: 109.82237 | AK3: 110.44685 | AL3: 111.38717 | AM3: 112.49703 | AN3: 112.73424 | AO3: 114.16031 | AP3: 115.16557
A4: Reference | B4: International | C4: Constant 2015 US$/1000cf | D4: Henry Hub Price | E4: Please report if possible | G4: 2.6199976 | H4: 2.4657513 | I4: 2.9540529 | J4: 3.3556506 | K4: 3.9093856 | L4: 4.4420661 | M4: 4.3300284 | N4: 4.1961651 | O4: 4.2211233 | P4: 4.3517909 | Q4: 4.4426498 | R4: 4.5764973 | S4: 4.6859783 | T4: 4.7953379 | U4: 4.8926681 | V4: 4.9345869 | W4: 5.0340518 | X4: 5.0351285 | Y4: 4.9589692 | Z4: 4.934156 | AA4: 5.019789 | AB4: 5.0005054 | AC4: 5.0008199 | AD4: 4.9836641 | AE4: 5.0105519 | AF4: 4.9959164 | AG4: 5.0150886 | AH4: 5.1068251 | AI4: 5.2352288 | AJ4: 5.2849776 | AK4: 5.3548214 | AL4: 5.4164497 | AM4: 5.4922857 | AN4: 5.611824 | AO4: 5.6649144 | AP4: 5.7474809
A5: Reference | B5: International | C5: CN$/US$ | D5: Can-US Exchange Rate | E5: Please report if focus = CN
A6: Reference | B6: International | C6: MX pesos/US$ | D6: Mex-US Exchange Rate | E6: Please report if focus = MX
A7: Reference | B7: Canada | C7: Constant 2015 CN$ (Billions) | D7: Real GDP | E7: Local currency
A8: Reference | B8: Canada | C8: Constant 2015 $ (Billions) | D8: Real GDP (PPP) | E8: Leave blank unless your model reports GDP in purchasing-power parity terms
A9: Reference | B9: Canada | C9: Million barrels per day | D9: Oil Product Consumption | E9: All Sectors
A10: Reference | B10: Canada | C10: Billion cubic feet per day | D10: Natural Gas Consumption | E10: All Sectors
A11: Reference | B11: Canada | C11: Million short tons | D11: Coal Consumption | E11: All Sectors
A12: Reference | B12: Canada | C12: Terawatt hours | D12: Electricity Consumption
A13: Reference | B13: Canada | C13: Terawatt hours | D13: Electricity Production
A14: Reference | B14: Canada | C14: Terawatt hours | D14: Electric Production by Oil
A15: Reference | B15: Canada | C15: Terawatt hours | D15: Electric Production by Natural Gas
A16: Reference | B16: Canada | C16: Terawatt hours | D16: Electric Production by Coal
A17: Reference | B17: Canada | C17: Terawatt hours | D17: Electric Production by Nuclear
A18: Reference | B18: Canada | C18: Terawatt hours | D18: Electric Production by Hydroelectric
A19: Reference | B19: Canada | C19: Terawatt hours | D19: Electric Production by Renewables | E19: Electricity (ex. Hydro)
A20: Reference | B20: Canada | C20: Million barrels per day | D20: Crude Oil Production
A21: Reference | B21: Canada | C21: Billion cubic feet per day | D21: Natural Gas Production
A22: Reference | B22: Canada | C22: Million short tons | D22: Coal Production
A23: Reference | B23: Canada | C23: Million barrels per day | D23: Crude Oil Total Exports | E23: include ROW trade
A24: Reference | B24: Canada | C24: Million barrels per day | D24: Oil Product Total Exports | E24: include ROW trade
A25: Reference | B25: Canada | C25: Billion cubic feet per day | D25: Natural Gas Total Exports | E25: include ROW trade
A26: Reference | B26: Canada | C26: Terawatt hours | D26: Electricity Total Exports | E26: include ROW trade
A27: Reference | B27: Canada | C27: Million barrels per day | D27: Crude Oil Total Imports | E27: include ROW trade
A28: Reference | B28: Canada | C28: Million barrels per day | D28: Oil Product Total Imports | E28: include ROW trade
A29: Reference | B29: Canada | C29: Billion cubic feet per day | D29: Natural Gas Total Imports | E29: include ROW trade
A30: Reference | B30: Canada | C30: Terawatt hours | D30: Electricity Total Imports | E30: include ROW trade
A31: Reference | B31: Canada | C31: Million barrels per day | D31: Crude Oil Net Exports
A32: Reference | B32: Canada | C32: Million barrels per day | D32: Oil Product Net Exports
A33: Reference | B33: Canada | C33: Billion cubic feet per day | D33: Natural Gas Net Exports
A34: Reference | B34: Canada | C34: Terawatt hours | D34: Electricity Net Exports
A35: Reference | B35: Canada | C35: Million barrels per day | D35: Crude Oil Exports to USA
A36: Reference | B36: Canada | C36: Million barrels per day | D36: Oil Product Exports to USA
A37: Reference | B37: Canada | C37: Billion cubic feet per day | D37: Natural Gas Exports to USA
A38: Reference | B38: Canada | C38: Terawatt hours | D38: Electricity Exports to USA
A39: Reference | B39: Canada | C39: Constant 2015 local price/US gallon | D39: Gasoline Price | E39: National average
A40: Reference | B40: Canada | C40: Constant 2015 local price/1000cf | D40: Utility Gas Price | E40: National average
A41: Reference | B41: Canada | C41: Constant 2015 local price/short ton | D41: Utility Coal Price | E41: National average
A42: Reference | B42: Canada | C42: Constant 2015 local price/kwh | D42: Electricity Price | E42: National average
A43: Reference | B43: Canada | C43: Million barrels per day | D43: Crude Oil Net Exports
A44: Reference | B44: Canada | C44: Million barrels per day | D44: Oil Product Net Exports
A45: Reference | B45: Canada | C45: Billion cubic feet per day | D45: Natural Gas Net Exports
A46: Reference | B46: Canada | C46: Terawatt hours | D46: Electricity Net Exports
A47: Reference | B47: Canada | C47: Capacity utilization (percent) | D47: Crude Oil Transport to USA
A48: Reference | B48: Canada | C48: Capacity utilization (percent) | D48: Oil Product Transport to USA
A49: Reference | B49: Canada | C49: Capacity utilization (percent) | D49: Natural Gas Transport to USA
A50: Reference | B50: Canada | C50: Capacity utilization (percent) | D50: Electricity Transmission to USA
A51: Reference | B51: Canada | C51: Million barrels per day | D51: Crude Oil Capacity to USA
A52: Reference | B52: Canada | C52: Million barrels per day | D52: Oil Product Capacity to USA
A53: Reference | B53: Canada | C53: Billion cubic feet per day | D53: Natural Gas Capacity to USA
A54: Reference | B54: Canada | C54: Terawatts | D54: Electricity Capacity to USA
A55: Reference | B55: Mexico | C55: Constant 2015 Pesos (Billions) | D55: Real GDP | E55: Local currency
A56: Reference | B56: Mexico | C56: Constant 2015 $ (Billions) | D56: Real GDP (PPP) | E56: Leave blank unless your model reports GDP in purchasing-power parity terms
A57: Reference | B57: Mexico | C57: Million barrels per day | D57: Oil Product Consumption | E57: All Sectors
A58: Reference | B58: Mexico | C58: Billion cubic feet per day | D58: Natural Gas Consumption | E58: All Sectors
A59: Reference | B59: Mexico | C59: Million short tons | D59: Coal Consumption | E59: All Sectors
A60: Reference | B60: Mexico | C60: Terawatt hours | D60: Electricity Consumption
A61: Reference | B61: Mexico | C61: Terawatt hours | D61: Electricity Production
A62: Reference | B62: Mexico | C62: Terawatt hours | D62: Electric Production by Oil
A63: Reference | B63: Mexico | C63: Terawatt hours | D63: Electric Production by Natural Gas
A64: Reference | B64: Mexico | C64: Terawatt hours | D64: Electric Production by Coal
A65: Reference | B65: Mexico | C65: Terawatt hours | D65: Electric Production by Nuclear
A66: Reference | B66: Mexico | C66: Terawatt hours | D66: Electric Production by Hydroelectric
A67: Reference | B67: Mexico | C67: Terawatt hours | D67: Electric Production by Renewables | E67: Electricity (ex. Hydro)
A68: Reference | B68: Mexico | C68: Million barrels per day | D68: Crude Oil Production
A69: Reference | B69: Mexico | C69: Billion cubic feet per day | D69: Natural Gas Production
A70: Reference | B70: Mexico | C70: Million short tons | D70: Coal Production
A71: Reference | B71: Mexico | C71: Million barrels per day | D71: Crude Oil Total Exports | E71: include ROW trade
A72: Reference | B72: Mexico | C72: Million barrels per day | D72: Oil Product Total Exports | E72: include ROW trade
A73: Reference | B73: Mexico | C73: Billion cubic feet per day | D73: Natural Gas Total Exports | E73: include ROW trade
A74: Reference | B74: Mexico | C74: Terawatt hours | D74: Electricity Total Exports | E74: include ROW trade
A75: Reference | B75: Mexico | C75: Million barrels per day | D75: Crude Oil Total Imports | E75: include ROW trade
A76: Reference | B76: Mexico | C76: Million barrels per day | D76: Oil Product Total Imports | E76: include ROW trade
A77: Reference | B77: Mexico | C77: Billion cubic feet per day | D77: Natural Gas Total Imports | E77: include ROW trade
A78: Reference | B78: Mexico | C78: Terawatt hours | D78: Electricity Total Imports | E78: include ROW trade
A79: Reference | B79: Mexico | C79: Million barrels per day | D79: Crude Oil Exports to Canada
A80: Reference | B80: Mexico | C80: Million barrels per day | D80: Oil Product Exports to Canada
A81: Reference | B81: Mexico | C81: Billion cubic feet per day | D81: Natural Gas Exports to Canada
A82: Reference | B82: Mexico | C82: Terawatt hours | D82: Electricity Exports to Canada
A83: Reference | B83: Mexico | C83: Million barrels per day | D83: Crude Oil Exports to USA
A84: Reference | B84: Mexico | C84: Million barrels per day | D84: Oil Product Exports to USA
A85: Reference | B85: Mexico | C85: Billion cubic feet per day | D85: Natural Gas Exports to USA
A86: Reference | B86: Mexico | C86: Terawatt hours | D86: Electricity Exports to USA
A87: Reference | B87: Mexico | C87: Constant 2015 local price/US gallon | D87: Gasoline Price | E87: National average
A88: Reference | B88: Mexico | C88: Constant 2015 local price/1000cf | D88: Utility Gas Price | E88: National average
A89: Reference | B89: Mexico | C89: Constant 2015 local price/short ton | D89: Utility Coal Price | E89: National average
A90: Reference | B90: Mexico | C90: Constant 2015 local price/kwh | D90: Electricity Price | E90: National average
A91: Reference | B91: Mexico | C91: Million barrels per day | D91: Crude Oil Net Exports | AH91: 28595.358 | AI91: 29186.667 | AJ91: 29768.998 | AK91: 30351.268 | AL91: 30932.183 | AM91: 31477.13 | AN91: 32014.196 | AO91: 32599.444 | AP91: 33182.225
A92: Reference | B92: Mexico | C92: Million barrels per day | D92: Oil Product Net Exports | AH92: 19.488178 | AI92: 19.597113 | AJ92: 19.711027 | AK92: 19.829063 | AL92: 19.950066 | AM92: 20.087671 | AN92: 20.225069 | AO92: 20.384371 | AP92: 20.56698
A93: Reference | B93: Mexico | C93: Billion cubic feet per day | D93: Natural Gas Net Exports | AH93: 88.747888 | AI93: 89.251145 | AJ93: 90.050381 | AK93: 90.912764 | AL93: 91.664729 | AM93: 92.478808 | AN93: 93.050164 | AO93: 93.569674 | AP93: 94.837334
A94: Reference | B94: Mexico | C94: Terawatt hours | D94: Electricity Net Exports | AH94: 537.99591 | AI94: 536.41345 | AJ94: 531.84564 | AK94: 526.31073 | AL94: 522.42078 | AM94: 517.61645 | AN94: 516.59747 | AO94: 515.70953 | AP94: 507.44961
A95: Reference | B95: Mexico | C95: Capacity utilization (percent) | D95: Crude Oil Transport to USA | AH95: 4696.5337 | AI95: 4742.752 | AJ95: 4789.7671 | AK95: 4837.4023 | AL95: 4886.4619 | AM95: 4934.3706 | AN95: 4982.3857 | AO95: 5033.3892 | AP95: 5086.4351
A96: Reference | B96: Mexico | C96: Capacity utilization (percent) | D96: Oil Product Transport to USA | AH96: 4950.5952 | AI96: 5001.2461 | AJ96: 5052.0269 | AK96: 5100.3677 | AL96: 5150.7754 | AM96: 5199.9941 | AN96: 5250.7842 | AO96: 5305.9194 | AP96: 5361.874
A97: Reference | B97: Mexico | C97: Capacity utilization (percent) | D97: Natural Gas Transport to USA | AH97: 8.163803 | AI97: 7.843431 | AJ97: 7.515379 | AK97: 7.151088 | AL97: 7.160505 | AM97: 7.159372 | AN97: 7.168945 | AO97: 7.174331 | AP97: 7.137463
A98: Reference | B98: Mexico | C98: Capacity utilization (percent) | D98: Electricity Transmission to USA | AH98: 1880.3666 | AI98: 1902.1434 | AJ98: 1936.7834 | AK98: 1979.3162 | AL98: 2013.4167 | AM98: 2049.4019 | AN98: 2075.0618 | AO98: 2091.8809 | AP98: 2149.9841
A99: Reference | B99: Mexico | C99: Million barrels per day | D99: Crude Oil Capacity to USA | AH99: 931.92261 | AI99: 929.85223 | AJ99: 921.63861 | AK99: 912.08325 | AL99: 906.60742 | AM99: 900.41663 | AN99: 896.38855 | AO99: 895.76379 | AP99: 882.31165
A100: Reference | B100: Mexico | C100: Million barrels per day | D100: Oil Product Capacity to USA | AH100: 689.77234 | AI100: 684.08679 | AJ100: 673.22022 | AK100: 660.4148 | AL100: 650.43115 | AM100: 633.39044 | AN100: 625.2157 | AO100: 622.81091 | AP100: 608.15387
...
